 Dungeon Crawl Stone Soup version 0.31-a0-233-g139696dc86 (webtiles) character file.

Game seed: 3533968602865776555

4909 qw the Skirmisher (level 10, 0/89 HPs)
             Began as a Minotaur Hexslinger on July 8, 2023.
             Was an Elder of Okawaru.
             Slain by a death yak (17 damage)
             ... on level 9 of the Dungeon.
             The game lasted 00:03:18 (6975 turns).

qw the Skirmisher (Minotaur Hexslinger)             Turns: 6975, Time: 00:03:18

Health: 0/89       AC: 15    Str: 12    XL:     10   Next: 27%
Magic:  24/24      EV: 15    Int: 10    God:    Okawaru [****..]
Gold:   374        SH:  0    Dex: 18    Spells: 10/11 levels left

rFire   . . .        t - +2 orcbow (heavy)
rCold   + . .        (shield currently unavailable)
rNeg    . . .        c - +0 ring mail
rPois   .            (helmet restricted)
rElec   .            (no cloak)
rCorr   .            r - +1 pair of gloves
SInv    +            f - +1 pair of boots
Will    .....        p
                       - Hermit's Pendant {Faith Invo=14 Evo=0 MP+5}
Stlth   ++           j - +4 ring of protection
HPRegen 0.34/turn    (no ring)
MPRegen 0.19/turn

%: faith
@: heroic
A: horns 2, retaliatory headbutt, hooves 1, see invisible, cold resistance 1,
mutation resistance 1
a: Renounce Religion, Heroism, Finesse


You were on level 9 of the Dungeon.
You worshipped Okawaru.
Okawaru was greatly pleased with you.
You visited 2 branches of the dungeon, and saw 10 of its levels.
You also visited: Sewer.

You collected 374 gold pieces.


Innate Abilities, Weirdness & Mutations

You have a pair of horns on your head.
You reflexively headbutt those who attack you in melee.
You have large cloven feet.
You have supernaturally acute eyesight. (SInv)
Your flesh is cold resistant. (rC+)
You are somewhat resistant to further mutation.


   Skills:
 - Level 8.3(13.3) Fighting
 - Level 12.6(17.6) Ranged Weapons
 - Level 4.4(9.4) Armour
 + Level 4.3(9.3) Dodging
 - Level 1.0 Spellcasting
 - Level 2.0 Hexes
 + Level 4.7(14.0) Invocations


You had 10 spell levels left.
You knew the following spells:

 Your Spells              Type           Power      Damage    Failure   Level
a - Slow                  Hex            16%        N/A       28%         1

Your spell library contained the following spells:

 Spells                   Type           Power      Damage    Failure   Level
 Inner Flame              Hex/Fire       2%         N/A       78%         3
 Portal Projectile        Hex/Tloc       4%         N/A       78%         3
 Cause Fear               Hex            2%         N/A       96%         4

Inventory:

Hand Weapons
 t - a +2 heavy orcbow (weapon)
Armour
 c - a +0 ring mail (worn)
 f - a +1 pair of boots (worn)
 r - a +1 pair of gloves (worn)
 s - a +2 robe of cold resistance
Jewellery
 j - a +4 ring of protection (left hand)
 m - an amulet of reflection
 p - the Hermit's Pendant (around neck) {Faith Invo=14 Evo=0 MP+5}
   (You found it on level 8 of the Dungeon)

   [amulet of faith]

   Invo=14: It sets your Invocations skill to 14.
   Evo=0: It sets your Evocations skill to 0.
   It allows you to gain divine favour quickly.
   MP:        It affects your magic capacity (+5).
Scrolls
 b - 2 scrolls of teleportation
Potions
 a - a potion of ambrosia {unknown}
 d - a potion of degeneration {unknown}
 e - 4 potions of curing
 g - a potion of enlightenment {unknown}
 h - a potion of cancellation {unknown}
 i - 2 potions of haste
 k - a potion of resistance
 l - 2 potions of mutation
 n - 2 potions of heal wounds
 o - 2 potions of might
 q - 2 potions of magic

Dungeon Overview and Level Annotations

Branches:
Dungeon (9/15)             Temple (1/1) D:4           Sewer (visited)
   Lair: D:8-11         Orc: D:9-12

Altars:
Ashenzari
Cheibriados
Dithmenos
Elyvilon
Fedhas
Gozag
Hepliaklqana
Kikubaaqudgha
Makhleb
Nemelex Xobeh
Okawaru
Qazlal
Ru
Sif Muna
Trog
Uskayaw
Vehumet
Wu Jian
Xom
Yredelemnul
Zin
The Shining One

Annotations:
D:4 1 runed translucent door, Crazy Yiuf


Message History

The death yak is severely wounded.
The death yak closely misses you.
You shoot an arrow. The arrow hits the death yak!!
You kill the death yak!
Okawaru is honoured by your kill.
You can now speed up your combat.
Your base Fighting skill increases to level 8!
You have reached level 10!
You shoot an arrow. The arrow hits the death yak!!
The death yak is moderately wounded.
The death yak gores you!
You shoot an arrow. The arrow hits the death yak!
The death yak is heavily wounded.
The death yak gores you but does no damage.
The death yak barely misses you.
You shoot an arrow. The arrow barely misses the death yak.
The arrow hits the death yak but does no damage.
The death yak is almost dead.
The death yak gores you but does no damage.
You shoot an arrow. The arrow hits the death yak!!
The death yak is almost dead.
The death yak gores you!!
The death yak snorts and paws the ground.
You shoot an arrow. The arrow hits the death yak!!
You kill the death yak!
Okawaru accepts your kill.
Your base Armour skill increases to level 4!
You shoot an arrow. The arrow hits the death yak.
The death yak is lightly wounded.
The death yak snorts and paws the ground.
The death yak closely misses you.
You shoot an arrow. The arrow hits the death yak!
The death yak is lightly wounded.
The death yak gores you but does no damage.
You shoot an arrow. The arrow hits the death yak!!
The death yak is heavily wounded.
The death yak gores you!
You shoot an arrow. The arrow hits the death yak!!
The death yak is severely wounded.
The death yak gores you! x2
You die...

.###......###### #...#
......##.#########...#
.............>.......#
.................#...#
#..#############.#...#
#### #.##### #.# #.#
#@# #Y#


YYY YYyy# ..YYy# ....... #....... #........ You could see 4 death yaks, 4 yaks
and 3 killer bees.

Vanquished Creatures
  A two-headed ogre (D:9)
  3 death yaks (D:9)
  A shadow (D:9)
  2 water moccasins (D:7)
  2 black bears
  An ice beast (D:5)
  A sky beast (D:4)
  5 ogres
  3 centaurs
  2 bullfrogs
  4 scorpions
  4 howler monkeys
  2 hounds (D:4)
  5 jellies
  2 orc priests
  3 iguanas
  2 sleepcaps (D:5)
  An orc wizard (D:9)
  Ijyb (D:3)
  4 gnolls (D:5)
  11 adders
  A shadow imp (D:6)
  2 white imps (D:5)
  3 worms
  4 dart slugs
  10 orcs
  15 ball pythons
  14 endoplasms
  10 giant cockroaches
  20 goblins
  8 hobgoblins
  8 jackals
  3 quokkas
  4 bats
  7 frilled lizards
  7 kobolds
  15 rats
191 creatures vanquished.

Vanquished Creatures (others)
  An orc (D:4)
1 creature vanquished.

Grand Total: 192 creatures vanquished

Notes
Turn   | Place    | Note
-------+----------+-------------------------------------------
     0 | D:1      | qw the Minotaur Hexslinger began the quest for the Orb.
     0 | D:1      | Reached XP level 1. HP: 16/16 MP: 1/1
     0 | D:1      | 0 ||| qw: Version: 0.3-a-46-gb1f654a
     0 | D:1      | 0 ||| qw: Game counter: 3531
     0 | D:1      | 0 ||| qw: Melee chars always use a shield: true
     0 | D:1      | 0 ||| qw: God list: Okawaru
     0 | D:1      | 0 ||| qw: Allow faded altars: false
     0 | D:1      | 0 ||| qw: Do Orc after clearing Dungeon:15 true
     0 | D:1      | 0 ||| qw: Do second Lair branch before Depths: true
     0 | D:1      | 0 ||| qw: Lair rune preference: random
     0 | D:1      | 0 ||| qw: Goals: Normal
     0 | D:1      | 0 ||| PLANNING D:1-11
    52 | D:1      | You fall into a shaft and drop 1 floor!
    67 | D:2      | Reached skill level 3 in Ranged Weapons
    90 | D:2      | Reached XP level 2. HP: 23/23 MP: 2/2
   104 | D:2      | 104 ||| UPGRADING to +0 pair of boots.
   109 | D:2      | 109 ||| DROPPING scroll of poison.
   235 | D:1      | Found a faded altar of an unknown god.
   587 | D:1      | 587 ||| UPGRADING to +0 leather armour.
   597 | D:1      | 597 ||| DROPPING +0 robe.
   598 | D:1      | 598 ||| UPGRADING to +4 ring of protection.
   599 | D:1      | 599 ||| READING scroll labelled ICSUDEUKHLO.
   600 | D:1      | 600 ||| DRINKING 2 fizzy grey potions.
   601 | D:1      | 601 ||| DROPPING potion of brilliance.
   632 | D:2      | Reached XP level 3. HP: 29/29 MP: 3/3
   764 | D:2      | 764 ||| READING scroll of enchant armour.
   764 | D:2      | 764 ||| ENCHANTING +0 pair of boots.
   911 | D:2      | Reached skill level 4 in Ranged Weapons
  1077 | D:2      | 1077 ||| UPGRADING to +0 ring mail.
  1087 | D:2      | 1087 ||| DROPPING +0 leather armour.
  1088 | D:2      | 1088 ||| UPGRADING to amulet of reflection.
  1093 | D:2      | 1093 ||| READING scroll labelled USAPLE NITAYRE.
  1112 | D:3      | Found a hide-covered altar of Uskayaw.
  1138 | D:3      | Reached skill level 1 in Armour
  1229 | D:3      | Reached XP level 4. HP: 36/36 MP: 4/4
  1671 | D:3      | Noticed Ijyb
  1675 | D:3      | Reached skill level 5 in Ranged Weapons
  1707 | D:3      | Killed Ijyb
  1905 | D:3      | 1905 ||| DROPPING amulet of magic regeneration.
  1906 | D:3      | 1906 ||| READING scroll labelled QIUWAS YFOIGO.
  1911 | D:3      | 1911 ||| DRINKING 3 white potions.
  1912 | D:3      | 1912 ||| DRINKING 3 viscous puce potions.
  1922 | D:4      | 1922 ||| PLANNING SEWER
  1947 | D:4      | Found a glowing drain.
  1950 | D:4      | 1950 ||| Stepping ~*~*~tactically~*~*~ (water).
  1955 | D:4      | 1955 ||| Stepping ~*~*~tactically~*~*~ (water).
  1962 | D:4      | Reached XP level 5. HP: 44/44 MP: 5/5
  1968 | Sewer    | Entered a sewer
  1996 | Sewer    | Reached skill level 3 in Fighting
  2072 | Sewer    | 2072 ||| Stepping ~*~*~tactically~*~*~ (water).
  2080 | Sewer    | 2080 ||| Stepping ~*~*~tactically~*~*~ (water).
  2107 | Sewer    | 2107 ||| Stepping ~*~*~tactically~*~*~ (water).
  2126 | Sewer    | Reached skill level 6 in Ranged Weapons
  2193 | Sewer    | 2193 ||| Stepping ~*~*~tactically~*~*~ (water).
  2209 | Sewer    | Found a viscous altar of Jiyva.
  2261 | Sewer    | Reached XP level 6. HP: 51/51 MP: 6/6
  2266 | Sewer    | 2266 ||| DRINKING 2 viscous black potions.
  2267 | Sewer    | 2267 ||| DRINKING 2 black potions.
  2268 | Sewer    | 2268 ||| DRINKING 2 metallic puce potions.
  2269 | Sewer    | 2269 ||| DRINKING 2 fuming emerald potions.
  2270 | Sewer    | 2270 ||| DRINKING 2 orange potions.
  2271 | Sewer    | 2271 ||| DROPPING potion of invisibility.
  2272 | Sewer    | 2272 ||| DROPPING potion of magic.
  2292 | D:4      | 2292 ||| PLANNING D:1-11
  2314 | D:4      | Noticed a sky beast
  2349 | D:4      | HP: 10/52 [something (5)]
  2350 | D:4      | 2350 ||| DRINKING 3 potions of heal wounds.
  2363 | D:4      | Killed a sky beast
  2485 | D:4      | Found a shimmering altar of Xom.
  2871 | D:4      | Found a runed translucent door.
  2872 | D:4      | Noticed Crazy Yiuf
  2987 | D:4      | Reached skill level 7 in Ranged Weapons
  2987 | D:4      | Reached XP level 7. HP: 39/60 MP: 7/7
  3213 | D:4      | Found a staircase to the Ecumenical Temple.
  3214 | D:4      | 3214 ||| PLANNING TEMPLE
  3214 | D:4      | 3214 ||| READING scroll labelled ZAOSU TUFU.
  3223 | Temple   | Entered the Ecumenical Temple
  3224 | Temple   | 3224 ||| PLANNING OKAWARU WORSHIP
  3285 | Temple   | Became a worshipper of Warmaster Okawaru
  3286 | Temple   | 3286 ||| PLANNING D:1-11
  3679 | D:5      | Entered Level 5 of the Dungeon
  3758 | D:5      | 3758 ||| FLEEEEING.
  3759 | D:5      | 3759 ||| STAIRDANCE
  3897 | D:5      | Reached skill level 8 in Ranged Weapons
  4258 | D:5      | Reached skill level 9 in Ranged Weapons
  4258 | D:5      | Reached XP level 8. HP: 68/68 MP: 8/8
  4344 | D:5      | Reached * piety under Okawaru
  4435 | D:5      | Found a snail-covered altar of Cheibriados.
  4483 | D:5      | 4483 ||| INVOKING Heroism.
  4490 | D:5      | Reached skill level 3 in Dodging
  4609 | D:5      | 4609 ||| READING scroll labelled VEMEARO MUIF.
  4732 | D:6      | Identified the +4 dagger of Nuoniun {freeze, rF+}
  4944 | D:6      | Reached skill level 1 in Invocations
  4976 | D:6      | Reached skill level 6 in Fighting
  5173 | D:6      | 5173 ||| READING scroll labelled ZAOSYL GEUCAWA.
  5295 | D:7      | Found a shadowy altar of Dithmenos.
  5295 | D:7      | Found a radiant altar of Vehumet.
  5316 | D:7      | Found an ornate altar of the Wu Jian Council.
  5467 | D:7      | 5467 ||| INVOKING Heroism.
  5476 | D:7      | Reached skill level 3 in Invocations
  5616 | D:7      | 5616 ||| INVOKING Heroism.
  5796 | D:7      | 5796 ||| INVOKING Heroism.
  5895 | D:7      | 5895 ||| INVOKING Heroism.
  5911 | D:7      | Reached skill level 10 in Ranged Weapons
  5911 | D:7      | Reached XP level 9. HP: 71/75 MP: 9/11
  6260 | D:7      | 6260 ||| SWAPPING to +0 shortbow.
  6261 | D:7      | 6261 ||| DROPPING +1 sling.
  6262 | D:7      | 6262 ||| DROPPING scarf of shadows.
  6263 | D:7      | 6263 ||| UPGRADING to +0 pair of gloves.
  6268 | D:7      | 6268 ||| READING scroll labelled KETEST RIUMOPP.
  6269 | D:7      | 6269 ||| DRINKING 2 red potions.
  6269 | D:7      | Gained mutation: You have supernaturally acute eyesight.
                  | (SInv) [potion of mutation]
  6269 | D:7      | Gained mutation: Your flesh is cold resistant. (rC+)
                  | [potion of mutation]
  6269 | D:7      | Gained mutation: You have large cloven feet. [potion of
                  | mutation]
  6269 | D:7      | Gained mutation: You are somewhat resistant to further
                  | mutation. [potion of mutation]
  6362 | D:8      | Reached skill level 3 in Armour
  6443 | D:8      | Found the Hermit's Pendant {Faith Invo=14 Evo=0 MP+5}
  6647 | D:8      | 6647 ||| UPGRADING to Hermit's Pendant {Faith Invo=14 Evo=0
                  | MP+5}.
  6780 | D:9      | 6780 ||| Stepping ~*~*~tactically~*~*~ (outnumbered).
  6787 | D:9      | 6787 ||| INVOKING Heroism.
  6802 | D:9      | Noticed a two-headed ogre
  6808 | D:9      | Killed a two-headed ogre
  6808 | D:9      | Reached ** piety under Okawaru
  6809 | D:9      | Reached skill level 11 in Ranged Weapons
  6876 | D:9      | 6876 ||| SWAPPING to +2 heavy orcbow.
  6877 | D:9      | 6877 ||| DROPPING +1 shortbow.
  6921 | D:9      | 6921 ||| READING scroll of enchant armour.
  6921 | D:9      | 6921 ||| ENCHANTING +0 pair of gloves.
  6947 | D:9      | Noticed a death yak
  6947 | D:9      | Noticed a death yak
  6948 | D:9      | 6948 ||| INVOKING Heroism.
  6949 | D:9      | Noticed a death yak
  6950 | D:9      | Noticed a death yak
  6951 | D:9      | Noticed a death yak
  6951 | D:9      | Noticed a death yak
  6953 | D:9      | Noticed a death yak
  6956 | D:9      | Killed a death yak
  6956 | D:9      | Reached *** piety under Okawaru
  6957 | D:9      | Reached skill level 12 in Ranged Weapons
  6966 | D:9      | Killed a death yak
  6966 | D:9      | Reached **** piety under Okawaru
  6967 | D:9      | Reached XP level 10. HP: 69/89 MP: 19/19
  6971 | D:9      | Killed a death yak
  6975 | D:9      | HP: 17/89 [death yak (14)]
  6975 | D:9      | Slain by a death yak

Levels and vault maps discovered:
D:1:      dpeg_arrival_rhombus, layout_basic,
          ebering_ecumenical_altar_sacrificial
D:2:      layout_basic
D:3:      kennysheep_goblin_castle, layout_basic, lemuel_tele_altar
D:4:      kb_forest_paths, layout_basic, xom_confusion_cloud,
          lemuel_temple_firewalk_b, cheibrodos_sewer_entry_bend,
          kennysheep_decorative_pillar, grunt_decor_fettered,
          uniq_crazy_yiuf_cottage
D:5:      layout_gridville, cheibriados_altar_1
D:6:      layout_basic
D:7:      layout_cave_pods, lemuel_crystal_altar,
          mainiacjoe_overflow_divided_tiny, serial_bayou_crossing
D:8:      wander_guarded_unrand_ratskin, layout_loops_cross, minivault_27,
          nicolae_shop_overcharged_wands
D:9:      hangedman_cross_veins, layout_rooms, dpeg_lair_monsters, serial_shops,
          nicolae_shop_hallway_stairs
Temple:   nicolae_temple_x_marks_the_god

Skill      XL: |  1  2  3  4  5  6  7  8  9 10 |
---------------+-------------------------------+-----
Ranged Weapons | 3 4 5 6 7 9 10 12 | 12.6
Fighting       | 2 3 4 5 6 8 |  8.3
Armour         | 1 2 3 4 |  4.4
Dodging        | 3 4 |  4.3
Invocations    | 4 |  4.7
Spellcasting   | |  1.0
Hexes          | |  2.0

Action                     |  1- 3 |  4- 6 |  7- 9 | 10-12 || total
---------------------------+-------+-------+-------+-------++-------
   Fire: Sling             |   160 |   318 |   266 |       ||   744
         Shortbow          |       |       |    62 |       ||    62
         Orcbow            |       |       |    19 |     9 ||    28
 Invoke: Heroism           |       |       |     7 |       ||     7
    Use: Scroll            |     3 |     1 |     5 |       ||     9
         Potion            |     1 |     8 |     1 |       ||    10
 Armour: Robe              |     4 |       |       |       ||     4
         Leather armour    |     6 |       |       |       ||     6
         Ring mail         |     9 |    86 |    77 |     3 ||   175
  Dodge: Dodged            |    37 |    75 |   130 |     2 ||   244
  Block: Other             |     2 |    40 |    38 |       ||    80
         Reflection        |       |     1 |     3 |       ||     4

Table legend:
 A = Non-vault XP
 B = Vault XP
 C = Vault XP percentage of total XP
 D = Non-vault monster count
 E = Vault monster count
 F = Vault count percentage of total count
                 A         B        C        D         E       F
            +---------+---------+-------+---------+---------+-------
      Total |    4110 |    2904 |  41.4 |     130 |      61 |  31.9
            +---------+---------+-------+---------+---------+-------
        D:1 |      28 |       0 |   0.0 |      19 |       0 |   0.0
        D:2 |      41 |       0 |   0.0 |      23 |       0 |   0.0
        D:3 |      69 |      56 |  44.8 |      22 |      12 |  35.3
        D:4 |     297 |     224 |  43.0 |      16 |      14 |  46.7
        D:5 |     813 |       0 |   0.0 |      16 |       0 |   0.0
        D:6 |     280 |       0 |   0.0 |       9 |       0 |   0.0
        D:7 |     978 |       0 |   0.0 |      12 |       0 |   0.0
        D:8 |     121 |       0 |   0.0 |       2 |       0 |   0.0
        D:9 |    1483 |    2431 |  62.1 |      11 |       3 |  21.4
      Sewer |       0 |     193 | 100.0 |       0 |      32 | 100.0
            +---------+---------+-------+---------+---------+-------
